 Dungeon Crawl Stone Soup version 0.28.0-53-g5a82cb258f (webtiles) character file.

Game seed: 5985107154460936604

33737 DearestLeader the Spear-Bearer (level 13, -19/103 HPs)
             Began as a Merfolk Ice Elementalist on May 24, 2022.
             Was the Champion of Cheibriados.
             Blown up by an orb spider (60 damage)
             ... with an orb of destruction
             ... on level 4 of the Lair of Beasts.
             The game lasted 00:46:12 (21021 turns).

DearestLeader the Spear-Bearer (MfIE)              Turns: 21021, Time: 00:46:13

Health: -19/103    AC: 14    Str: 31    XL:     13   Next: 72%
Magic:  31/31      EV: 20    Int: 32    God:    Cheibriados [******]
Gold:   1388       SH:  0    Dex: 31    Spells: 6/24 levels left

rFire   . . .      SeeInvis +   a - +5 trident "Tafaonta" {vorpal, rC+++ Str+4 SInv Stlth-}
rCold   + + +      Faith    .   (no shield)
rNeg    + . .      Spirit   .   D - +3 ring mail {rN+}
rPois   .          Reflect  .   e - +1 helmet {Int+3}
rElec   .          Harm     .   L - +0 cloak
rCorr   .          Rampage  .   f - +0 pair of gloves
Will    +....                   I - +0 pair of boots
Stlth   ++........              z - amulet of magic regeneration
HPRegen 0.27/turn               J - ring of willpower
MPRegen 0.62/turn               o - ring of magical power

@: very slow
A: (nimble swimmer 2), mertail
a: Renounce Religion, Bend Time, Temporal Distortion, Slouch, Step From Time


You were on level 4 of the Lair of Beasts.
You worshipped Cheibriados.
Cheibriados was exalted by your worship.
You visited 3 branches of the dungeon, and saw 16 of its levels.
You also visited: Ossuary and Ice Cave.

You collected 1687 gold pieces.
You spent 299 gold pieces at shops.

Inventory:

Hand Weapons
 a - the +5 trident "Tafaonta" (weapon) {vorpal, rC+++ Str+4 SInv Stlth-}
   (You found it in an ice cave)

   It inflicts extra damage upon your enemies.
   Str:       It affects your strength (+4).
   rC:        It renders you almost immune to cold.
   SInv:      It lets you see invisible.
   Stlth:     It makes you less stealthy.
Missiles
 v - 3 silver javelins
 K - 32 poisoned darts (quivered)
 U - a curare-tipped dart
Armour
 e - a +1 helmet of intelligence (worn)
 f - a +0 pair of gloves (worn)
 D - a +3 ring mail of positive energy (worn)
 I - a +0 pair of boots (worn)
 L - a +0 cloak (worn)
Magical Staves
 m - a staff of cold
Jewellery
 c - a ring of ice
 l - a ring of resist corrosion
 o - a ring of magical power (right hand)
 w - a ring of positive energy
 z - an amulet of magic regeneration (around neck)
 C - a +4 ring of evasion
 J - a ring of willpower (left hand)
 V - a ring of willpower
Wands
 k - a wand of flame (92)
 r - a wand of acid (4)
 y - a wand of iceblast (7)
 F - a wand of digging (13)
 H - a wand of mindburst (3)
 S - a wand of paralysis (10)
 W - a wand of charming (2)
Scrolls
 h - a scroll of silence
 i - a scroll of magic mapping
 p - 3 scrolls of fear
 t - 4 scrolls of enchant weapon
 B - 2 scrolls of amnesia {unknown}
 E - 3 scrolls of holy word
 M - 5 scrolls of blinking
 N - a scroll of enchant armour {unknown}
 O - a scroll of fog {unknown}
 T - 3 scrolls of immolation {unknown}
 X - 5 scrolls of teleportation {unknown}
 Z - a scroll of torment {unknown}
Potions
 b - 7 potions of curing
 d - a potion of attraction {unknown}
 g - 2 potions of might
 j - 5 potions of flight {unknown}
 n - 5 potions of brilliance {unknown}
 q - 2 potions of haste {unknown}
 s - a potion of mutation {unknown}
 u - a potion of degeneration {unknown}
 x - 2 potions of ambrosia {unknown}
 A - 7 potions of heal wounds {unknown}
 G - a potion of berserk rage {unknown}
 P - a potion of invisibility {unknown}
 R - a potion of magic {unknown}


   Skills:
 + Level 10.2 Fighting
 - Level 14.0 Polearms
 * Level 3.3 Armour
 + Level 8.6 Dodging
 - Level 5.0 Stealth
 - Level 6.0 Spellcasting
 + Level 5.1 Hexes
 + Level 7.7 Summonings
 - Level 12.0 Ice Magic
 + Level 8.3 Invocations


You had 6 spell levels left.
You knew the following spells:

 Your Spells              Type           Power      Damage    Failure   Level
a - Freeze                Ice            100%       1d11      1%          1
b - Frozen Ramparts       Ice            100%       1d12      1%          3
c - Ozocubu's Armour      Ice            72%        N/A       1%          3
d - Animate Skeleton      Necr           18%        N/A       6%          1
e - Call Imp              Summ           56%        N/A       1%          2
f - Call Canine Familiar  Summ           56%        N/A       1%          3
g - Summon Mana Viper     Hex/Summ       50%        N/A       13%         5

Your spell library contained the following spells:

 Spells                   Type           Power      Damage    Failure   Level
 Summon Small Mammal      Summ           100%       N/A       1%          1
 Summon Guardian Golem    Hex/Summ       50%        N/A       1%          3
 Hailstorm                Conj/Ice       48%        3d11      5%          4
 Metabolic Englaciation   Hex/Ice        29%        N/A       5%          5
 Apportation              Tloc           18%        N/A       6%          1
 Magic Dart               Conj           36%        1d4       6%          1
 Portal Projectile        Hex/Tloc       52%        N/A       7%          3
 Corpse Rot               Necr/Air       18%        N/A       10%         2
 Scorch                   Fire           18%        2d6       10%         2
 Static Discharge         Conj/Air       9%         N/A       10%         2
 Mephitic Cloud           Conj/Pois/Air  9%         N/A       19%         3
 Freezing Cloud           Conj/Ice/Air   17%        6-21      34%         5
 Summon Forest            Summ/Tloc      17%        N/A       36%         5
 Summon Cactus Giant      Summ           28%        N/A       38%         6
 Dispel Undead            Necr           9%         3d8       54%         4
 Flame Wave               Conj/Fire      9%         2d5       54%         4
 Simulacrum               Ice/Necr       24%        N/A       63%         6
 Blade Hands              Tmut           4%         N/A       87%         5
 Excruciating Wounds      Necr           4%         N/A       87%         5
 Lightning Bolt           Conj/Air       4%         1d16      87%         5
 Death Channel            Necr           4%         N/A       100%        6
 Ozocubu's Refrigeration  Ice            36%        4d12      36%         7
 Maxwell's Capacitive Co  Air            4%         ∞         100%        8


Dungeon Overview and Level Annotations

Branches:
Dungeon (11/15)            Temple (1/1) D:5            Lair (4/6) D:11
  Swamp (0/4) Lair:3       Spider (0/4) Lair:4          Orc (0/2) D:9
Ossuary (visited)           IceCv (visited)

Altars:
Ashenzari
Cheibriados
Dithmenos
Elyvilon
Fedhas
Gozag
Hepliaklqana
Kikubaaqudgha
Makhleb
Nemelex Xobeh
Okawaru
Qazlal
Ru
Sif Muna
Trog
Uskayaw
Vehumet
Wu Jian
Xom
Yredelemnul
Zin
The Shining One

Shops:
D:1 :   D:4 ?   D:7 [   D:8 (

Portals:
Trove: D:10 (give +2 storm dragon scales)

Annotations:
Lair:1 2 transporters, 3 runed translucent doors, hitsuchi's ghost, novice DsFE


Innate Abilities, Weirdness & Mutations

((You are very nimble when in or above water. (Stealth+, EV+, Speed+++)))
Your lower body shifts to a powerful aquatic tail in water.


Message History

You now have 1388 gold pieces (gained 12).
An orb spider comes into view.
Found a hole to the Spider Nest.
Unknown command.
Casting: Call Imp (safe; 1% risk of failure)
Confirm with . or Enter, or press ? or * to list all spells.
A mana viper appears with a sibilant hiss.
What are your orders? t - Shout!
Orders for allies: a - Attack new target. r - Retreat! s - Stop attacking. g - Guard the area. f - Follow me.
Anything else - Cancel.
Gang up on whom?
Press: ? - help, Dir - move target, f - orb spider
Aim: an orb spider (asleep, ally target) Attack!
Your mana viper evades a web.
Unknown command.
The orb spider hisses angrily.
The orb spider spins a strand of pure energy.
The orb spider weaves a glowing orb of energy.
An orb of destruction comes into view.
The orb of destruction hits you!!!
Ouch! That really hurt!
Your mana viper is caught in a web!
The orb spider begins to weave its threads into a brightly glowing ball.
Your mana viper pulls away from the web.
Your mana viper is caught in a web!
Your mana viper struggles to get unstuck from the web.
Your mana viper pulls away from the web.
Your mana viper is caught in a web!
The orb spider weaves a glowing orb of energy.
An orb of destruction comes into view.
Your mana viper pulls away from the web.
Your mana viper is caught in a web!
The orb spider begins to weave its threads into a brightly glowing ball.
The orb of destruction hits you!!!
Ouch! That really hurt!
You die...

......... ......... ##..#
^##.# ......... #.^^.#.....#
......... #...#.#≈≈≈+##
......... ##..^#^#≈...#
....#######..^.^^≈≈.s.#
.....###.##^.....≈☼☼..#
....##...##...#..○☼≈+#
.........P##.^..@..^S#
.........###..###...##
....##.###..#...###### #..
....#....#P.##..####. #P..#
................##..+#....##
...........................#
..........................##
...........................#
...#P.#.###...............##


You could see an orb spider (charged, ally target) and a friendly mana viper
(summoned, webbed).

Vanquished Creatures
  A frost giant (IceCv)
  A catoblepas (Lair:3)
  2 hydras
  4 death yaks (IceCv)
  2 two-headed ogres (D:9)
  An ugly thing (IceCv)
  Maurice (D:10)
  An ice statue (IceCv)
  A black mamba (Lair:3)
  2 gargoyles (D:10)
  7 cane toads
  2 rime drakes (Lair:2)
  2 kobold demonologists (D:10)
  5 komodo dragons
  A tyrant leech (Lair:3)
  15 polar bears
  2 trolls
  A hornet (D:8)
  Grinder (Temple)
  3 wyverns
  A shadow (D:9)
  2 wraiths
  37 yaks
  A vampire (D:10)
  Eustachio (D:6)
  2 humans (D:10)
  A steam dragon (Lair:3)
  5 basilisks
  Menkaure (D:5)
  Edmund (D:5)
  11 water moccasins
  2 ice beasts
  2 orc warriors
  6 sky beasts
  A necrophage (D:5)
  A hornet zombie (D:5)
  3 centaurs
  29 wolves
  4 ogres
  4 kobold brigands
  5 bullfrogs
  6 water moccasin zombies
  A wyvern skeleton (D:7)
  2 scorpions
  10 killer bees
  2 wights (D:8)
  A howler monkey (D:6)
  2 centaur zombies
  A hound (D:5)
  A jelly (D:5)
  7 orc priests
  A centaur skeleton (D:5)
  3 iguanas
  10 orc wizards
  2 mummies (Ossuary)
  3 howler monkey zombies
  4 adders
  6 adder zombies (Ossuary)
  A worm (D:3)
  13 dart slugs
  45 orcs
  8 ball pythons
  9 endoplasms
  2 giant cockroaches (D:1)
  4 gnoll zombies (Ossuary)
  7 goblins
  8 hobgoblins
  2 jackals (D:1)
  9 kobolds
  4 quokkas
  11 bats
  5 frilled lizards
  2 goblin zombies (D:8)
  2 hobgoblin zombies (Ossuary)
  3 kobold zombies (Ossuary)
  6 orc zombies (Ossuary)
  6 rats
384 creatures vanquished.

Vanquished Creatures (collateral kills)
  A hydra (Lair:3)
  A catoblepas (Lair:2)
  A komodo dragon (Lair:4)
  A polar bear (IceCv)
  A yak (Lair:1)
  A wight (D:8)
  A centaur skeleton (D:6)
  An orc (D:9)
8 creatures vanquished.

Vanquished Creatures (others)
  11 fungi
  15 plants
26 creatures vanquished.

Grand Total: 418 creatures vanquished

Notes
Turn   | Place    | Note
-------+----------+-------------------------------------------
     0 | D:1      | DearestLeader the Merfolk Ice Elementalist began the quest
                  | for the Orb.
     0 | D:1      | Reached XP level 1. HP: 13/13 MP: 3/3
   277 | D:1      | Found Yphean's Book Emporium.
   285 | D:1      | Reached XP level 2. HP: 19/19 MP: 0/5
   533 | D:1      | Reached skill level 5 in Ice Magic
   784 | D:1      | Found a faded altar of an unknown god.
   800 | D:1      | Reached XP level 3. HP: 24/24 MP: 1/6
  1033 | D:1      | Learned a level 3 spell: Frozen Ramparts
  2132 | D:2      | Identified the +1 ring mail "Siac" {rF+}
  2379 | D:2      | Reached skill level 1 in Fighting
  2379 | D:2      | Reached XP level 4. HP: 15/32 MP: 3/7
  2383 | D:2      | Learned a level 3 spell: Ozocubu's Armour
  3190 | D:3      | Found a hazy altar of Hepliaklqana.
  3423 | D:3      | Reached skill level 1 in Polearms
  3582 | D:3      | Found a sacrificial altar of Ru.
  3718 | D:3      | Identified the +0 scale mail of the Okapi {Dex+2}
  4038 | D:4      | Reached XP level 5. HP: 24/37 MP: 8/8
  4237 | D:4      | Reached skill level 2 in Polearms
  4545 | D:4      | Noticed an ogre
  4551 | D:4      | Killed an ogre
  4552 | D:4      | Reached skill level 3 in Polearms
  4552 | D:4      | Reached XP level 6. HP: 25/44 MP: 6/9
  4784 | D:4      | Found Nyuwn's Magic Scroll Shop.
  4797 | D:4      | Bought a scroll of identify for 26 gold pieces
  4797 | D:4      | Bought a scroll of identify for 26 gold pieces
  5055 | D:5      | Entered Level 5 of the Dungeon
  5063 | D:5      | Noticed Edmund
  5077 | D:5      | Killed Edmund
  5078 | D:5      | Reached skill level 4 in Polearms
  5602 | D:5      | Reached XP level 7. HP: 42/51 MP: 10/10
  5786 | D:5      | Reached skill level 5 in Polearms
  6005 | D:5      | Found a staircase to the Ecumenical Temple.
  6016 | D:5      | Noticed Grinder
  6020 | Temple   | Entered the Ecumenical Temple
  6068 | Temple   | Killed Grinder
  6069 | Temple   | Reached skill level 6 in Polearms
  6069 | Temple   | Reached skill level 1 in Armour
  6345 | Temple   | Became a worshipper of Cheibriados the Contemplative
  6359 | D:5      | Reached XP level 8. HP: 57/58 MP: 12/12
  6472 | D:5      | Found an ornate altar of the Wu Jian Council.
  6478 | D:5      | Noticed Menkaure
  6497 | D:5      | Killed Menkaure
  6498 | D:5      | Reached skill level 7 in Polearms
  6799 | D:5      | Reached skill level 8 in Polearms
  7209 | D:6      | Learned a level 1 spell: Animate Skeleton
  7212 | D:6      | Noticed Eustachio
  7226 | D:6      | Killed Eustachio
  7227 | D:6      | Reached XP level 9. HP: 62/64 MP: 14/14
  7321 | D:6      | Found a stormy altar of Qazlal.
  7387 | D:6      | Reached skill level 9 in Polearms
  7696 | D:6      | Reached * piety under Cheibriados
  7892 | D:6      | Reached skill level 10 in Polearms
  7892 | D:6      | Reached skill level 1 in Invocations
  7899 | D:6      | Reached skill level 10 in Ice Magic
  8178 | D:6      | Noticed a troll
  8195 | D:6      | Killed a troll
  8196 | D:6      | Reached skill level 11 in Polearms
  8207 | D:6      | Found the +18 Lear's hauberk
  8278 | D:6      | Reached XP level 10. HP: 72/73 MP: 16/16
  8423 | D:7      | Reached skill level 5 in Fighting
  8504 | D:7      | Found Libem's Armour Shoppe.
  8520 | D:7      | Found a broken altar of Ashenzari.
  8595 | D:7      | Reached ** piety under Cheibriados
  8798 | D:7      | Bought a +1 helmet of intelligence for 247 gold pieces
  9270 | D:7      | Found a basalt altar of Yredelemnul.
  9279 | D:7      | Found a blossoming altar of Fedhas.
  9280 | D:7      | Found a bloodstained altar of Trog.
  9282 | D:7      | Found a shimmering blue altar of Sif Muna.
  9500 | D:8      | Paralysed by a hornet for 3 turns
  9594 | D:8      | Found a sand-covered staircase.
  9601 | Ossuary  | Entered an ossuary
 10123 | D:8      | Reached *** piety under Cheibriados
 10156 | D:8      | Reached skill level 12 in Polearms
 10468 | D:8      | Found Qaujel's Weapon Shop.
 10549 | D:8      | Found an ancient bone altar of Kikubaaqudgha.
 10709 | D:8      | Learned a level 2 spell: Call Imp
 10748 | D:8      | Found a white marble altar of Elyvilon.
 11626 | D:9      | Reached skill level 1 in Summonings
 11803 | D:9      | Identified the +3 leather armour of Greater Demons {Str-5
                  | Dex+6}
 11866 | D:9      | Noticed a two-headed ogre
 11877 | D:9      | Killed a two-headed ogre
 11877 | D:9      | Reached **** piety under Cheibriados
 11946 | D:9      | Found a staircase to the Orcish Mines.
 11952 | D:9      | Identified the +4 long sword of Jaigg {antimagic, rCorr}
 11988 | D:9      | Reached XP level 11. HP: 79/80 MP: 17/17
 12195 | D:9      | Noticed a two-headed ogre
 12208 | D:9      | Killed a two-headed ogre
 12209 | D:9      | Reached skill level 5 in Dodging
 12488 | D:10     | Entered Level 10 of the Dungeon
 13110 | D:10     | Found a portal to a secret trove of treasure.
 13141 | D:10     | Found an iron altar of Okawaru.
 13220 | D:10     | Noticed Maurice
 13250 | D:10     | Killed Maurice
 13251 | D:10     | Reached skill level 13 in Polearms
 13291 | D:10     | Reached skill level 5 in Stealth
 13712 | D:10     | Reached ***** piety under Cheibriados
 14278 | D:11     | Found a staircase to the Lair.
 14307 | Lair:1   | Entered Level 1 of the Lair of Beasts
 14364 | Lair:1   | Reached skill level 5 in Invocations
 14462 | Lair:1   | Learned a level 3 spell: Call Canine Familiar
 14493 | Lair:1   | Reached skill level 5 in Spellcasting
 14597 | Lair:1   | Found a transporter.
 14767 | Lair:1   | Reached XP level 12. HP: 89/89 MP: 19/19
 14921 | Lair:1   | Found a runed translucent gate.
 14922 | Lair:1   | Found a runed translucent gate.
 14923 | Lair:1   | Found a runed translucent gate.
 14926 | Lair:1   | Noticed hitsuchi's ghost (novice DsFE)
 14926 | Lair:1   | Noticed a 12-headed hydra
 15133 | Lair:1   | Found a transporter.
 15195 | Lair:1   | Reached skill level 14 in Polearms
 15195 | Lair:1   | Reached skill level 5 in Summonings
 15409 | Lair:2   | Found a frozen archway.
 15427 | IceCv    | Entered an ice cave
 15441 | IceCv    | Reached skill level 1 in Hexes
 15909 | IceCv    | Identified the +5 trident "Tafaonta" {vorpal, rC+++ Str+4
                  | SInv Stlth-}
 16297 | IceCv    | Identified the +5 chain mail "Copuos" {rC+ Str+2}
 16575 | IceCv    | Noticed a death yak
 16577 | IceCv    | Noticed a death yak
 16593 | IceCv    | Killed a death yak
 16598 | IceCv    | Killed a death yak
 16599 | IceCv    | Reached ****** piety under Cheibriados
 16800 | IceCv    | Noticed a death yak
 16801 | IceCv    | Noticed a frost giant
 16801 | IceCv    | Noticed a death yak
 16813 | IceCv    | Killed a death yak
 16821 | IceCv    | Killed a death yak
 16822 | IceCv    | Reached XP level 13. HP: 32/100 MP: 13/22
 16823 | IceCv    | Killed a frost giant
 17104 | IceCv    | Got Hiaw's Almanac of Cold
 17551 | Lair:2   | Learned a level 5 spell: Summon Mana Viper
 19457 | Lair:3   | Reached skill level 10 in Fighting
 19934 | Lair:3   | Reached skill level 5 in Hexes
 19936 | Lair:3   | Found a staircase to the Swamp.
 20804 | Lair:4   | Identified the +4 great sword "Kouwaug" {freeze, rElec rF+
                  | rC+}
 21008 | Lair:4   | Found a hole to the Spider Nest.
 21021 | Lair:4   | Blown up by an orb spider

Illustrated notes

Levels and vault maps discovered:
D:1:      onia_arrival_mini_maze_b, layout_basic, serial_shops,
          nicolae_square_shop, nicolae_ecumenical_snake_handling
D:2:      layout_loops_ring
D:3:      kennysheep_slugbush, layout_loops_corners, old_standard_altar,
          mainiacjoe_overflow_paths, minivault_24
D:4:      layout_basic, serial_shops, nicolae_shop_advertising_works
          [nicolae_subvault_shop_adworks]
D:5:      layout_layer_cave, nicolae_wu_jian_wuxing_cycle,
          minmay_temple_entry_mini_moons, uniq_menkaure, uniq_grinder,
          uniq_edmund
D:6:      layout_cave_pools, nicolae_overflow_crystal_walls,
          minmay_statues_item, hellmonk_guarded_unrand_lears, uniq_eustachio
D:7:      layout_loops_cross, mainiacjoe_overflow_cross_hatched, minitemple,
          serial_shops, nicolae_inconvenience_store
D:8:      layout_cave_pools, marbit_many_paths, mainiacjoe_overflow_boulevard,
          serial_shops, nicolae_shop_behind_doors, enter_ossuary_4,
          kennysheep_generic_room_11
D:9:      layout_layer_cave, hiddenorc2_lemuel
D:10:     layout_long_grid, okawaru_humans, enter_trove_6, uniq_maurice
D:11:     layout_basic, david_lair_generic
Temple:   eino_wide_crystal_templ
Lair:1:   gammafunk_worm_tunnel, layout_regular_city,
          gammafunk_ghost_hydra_chop, minmay_holes,
          eino_small_chamber_without_monster, chequers_serial_rivers_room_b
Lair:2:   layout_small_grid, portal_ice_cave_rime, beast_lair_carwin_9,
          serial_bayou_shore_a, grunt_megastairs_5
Lair:3:   layout_regular_city, palyth_hydra_swamp_entry, lemuel_fruit_tree,
          grunt_megastairs_2
Lair:4:   layout_regular_city, nicolae_spider_entry_orb_guardian

Skill      XL: |  1  2  3  4  5  6  7  8  9 10 11 12 13 |
---------------+----------------------------------------+-----
Dodging        | 3 4 6 7 8 |  8.6
Ice Magic      | 5 6 7 8 10 11 12 | 12.0
Fighting       | 1 2 3 4 5 6 8 10 | 10.2
Polearms       | 1 3 4 6 8 11 12 13 14 | 14.0
Stealth        | 3 4 5 |  5.0
Armour         | 1 2 3 |  3.3
Spellcasting   | 3 4 5 6 |  6.0
Invocations    | 2 4 5 7 8 |  8.3
Summonings     | 2 4 6 7 |  7.7
Hexes          | 3 5 |  5.1

Action                   |  1- 3 |  4- 6 |  7- 9 | 10-12 | 13-15 || total
-------------------------+-------+-------+-------+-------+-------++-------
Melee: Unarmed           |    15 |       |       |       |       ||    15
       Punch             |     1 |     3 |     2 |    11 |     4 ||    21
       Staff             |    22 |   131 |    47 |       |       ||   200
       Whip              |     5 |       |       |   166 |       ||   171
       Tailslap          |       |     6 |       |     5 |       ||    11
       Flail             |       |       |   112 |    23 |       ||   135
       Trident           |       |       |       |   442 |   216 ||   658
Throw: Dart              |       |       |    18 |    20 |       ||    38
 Cast: Freeze            |    61 |    15 |     8 |       |       ||    84
       Frozen Ramparts   |       |     6 |    19 |    43 |     5 ||    73
       Ozocubu's Armour  |       |     2 |     6 |    14 |     1 ||    23
       Animate Skeleton  |       |       |     1 |    10 |       ||    11
       Call Imp          |       |       |       |    13 |     2 ||    15
       Call Canine Famil |       |       |       |     7 |       ||     7
       Summon Mana Viper |       |       |       |       |     5 ||     5
Invok: Slouch            |       |       |       |     3 |       ||     3
  Use: Scroll            |       |     4 |       |     6 |     2 ||    12
       Potion            |       |       |     3 |       |       ||     3
 Stab: Sleeping          |     1 |    10 |       |     8 |     3 ||    22
       Distracted        |       |       |     1 |     2 |       ||     3
Armor: Robe              |    13 |       |       |       |       ||    13
       Ring mail         |     9 |    40 |   111 |   227 |    31 ||   418
       Skin              |       |       |    15 |       |       ||    15
Dodge: Dodged            |    66 |    84 |    98 |   379 |   107 ||   734
